 Dungeon Sprint DCSS version 0.24.0-28-g17ded55e90 (webtiles) character file.

Game seed: 15445952957719172092, levelgen mode: deterministic

947 PentaManta the Unseen (level 7, -10/32 (33) HPs)
             Began as a Spriggan Assassin on Nov 13, 2019.
             Mangled by a tyrant leech (27 damage)
             ... in the Dungeon (Sprint II: "The Violet Keep of Menkaure").
             The game lasted 00:05:44 (1181 turns).

PentaManta the Unseen (Spriggan Assassin)           Turns: 1181, Time: 00:05:45

HP:   -10/32 (33)   AC:  6    Str:  7    XL:     7   Next: 89%
MP:   8/8           EV: 33    Int: 13    God:
Gold: 640           SH:  0    Dex: 19    Spells: 6/6 levels left

rFire    . . .     SeeInvis +   a - +2 dagger
rCold    . . .     Gourm    .   (shield restricted)
rNeg     . . .     Faith    .   c - +2 robe {Archmagi}
rPois    +         Spirit   .   (helmet restricted)
rElec    .         Reflect  .   k - +1 cloak {rPois}
rCorr    .         Harm     .   (gloves unavailable)
MR       +....     NoTele   +   (boots unavailable)
Stlth    ++++......             (no amulet)
HPRegen  0.10/turn              (no ring)
MPRegen  0.11/turn              (no ring)

@: slow
A: very small, unfitting armour, see invisible, herbivore, speed 3, slow
metabolism 2
a: no special abilities


You were in the Dungeon.
You were not hungry.

You visited 1 branch You collected 972 gold pieces.
You spent 332 gold pieces at shops.

Inventory:

Hand Weapons
 a - a +2 dagger (weapon)
Missiles
 d - 6 poisoned darts (quivered)
Armour
 c - a +2 robe of the Archmagi (worn)
 k - a +1 cloak of poison resistance (worn)
Scrolls
 l - a scroll of blinking
Potions
 g - a potion of curing
 h - a potion of heal wounds
 i - a potion of haste
 j - 2 potions of magic
Comestibles
 f - 2 rations


   Skills:
 - Level 1.5 Fighting
 - Level 2.1 Short Blades
 - Level 2.0 Throwing
 + Level 16.2 Dodging
 + Level 18.1 Stealth


You had 6 spell levels left.
You didn't know any spells.
Your spell library was empty.

Dungeon Overview and Level Annotations

Branches:
Dungeon (1/1)

Altars:
Uskayaw
Vehumet
Yredelemnul
Zin
The Shining One

Shops:
D :[[=%?![:?(=!}:(

Annotations:
D exclusion: oklob plant


Innate Abilities, Weirdness & Mutations

You are very small and have problems with some larger weapons.
You are too small for most types of armour.
You have supernaturally acute eyesight. (SInv)
You are a herbivore.
You cover ground extremely quickly.
You need to consume almost no food.


Message History

The tyrant leech draws strength from your injuries!
You hit the tyrant leech.
The tyrant leech is lightly wounded.
You closely miss the tyrant leech.
The tyrant leech is lightly wounded.
The tyrant leech barely misses you.
You hit the tyrant leech but do no damage.
The tyrant leech is lightly wounded.
You miss the tyrant leech.
The tyrant leech is lightly wounded.
Your unstable footing causes you to fumble your attack.
The tyrant leech completely misses you.
You miss the tyrant leech.
The tyrant leech is moderately wounded.
You hit the tyrant leech but do no damage.
The tyrant leech is moderately wounded.
The tyrant leech is no longer moving slowly.
The tyrant leech bites you!!
Ouch! That really hurt!
You die...

##...∩.∩..#≈≈≈≈#..#.†#.††.#
##..∩.∩[..#≈≈####.#.####..##
##.⌠.∩[...#≈##.###'###.##..#
##..∩.∩...#≈#.#.##.###..#..#
##...∩.∩..'≈'###'.<.+.##'..###
##....∩.∩.#≈#.#.##.###..#....#
#▓▓▓▓▓▓▓###≈##÷###+###.##w....
##Yaa######≈≈####.#.####≈§....
#?Ya#J. ##≈@≈#..#..#≈≈§§≈§≈§
#∩PY+.$#+ #'#w##.#.##≈§§§§≈§≈
#!..#(##§##÷#≈≈##'##≈≈≈≈≈§≈≈≈
#(.$###§§§####≈≈≈≈≈w≈≈≈≈≈§≈§≈
##+###≈§§§ #+++#+++#≈≈≈≈§§§
≈≈≈≈° ##§§§### ≈≈≈≈°°°≈≈##≈≈#
+°≈°°≈°S§≈≈≈+≈≈#
##°§°≈°≈°°°##≈≈≈≈


You could see a tyrant leech.

Vanquished Creatures
  2 hippogriffs (D)
  Menkaure (D)
  4 necrophages (D)
  A crocodile (D)
  A hell rat (D)
  4 worker ants (D)
13 creatures vanquished.

Notes
Turn   | Place    | Note
-------+----------+-------------------------------------------
     0 | D        | PentaManta the Spriggan Assassin began the quest for the
                  | Orb.
     0 | D        | Reached XP level 1. HP: 10/10 MP: 2/2
     1 | D        | Noticed a worker ant
     1 | D        | Noticed a worker ant
     3 | D        | Noticed a worker ant
     3 | D        | Noticed a worker ant
     4 | D        | Killed a worker ant
     4 | D        | Reached skill level 5 in Dodging
     4 | D        | Reached skill level 8 in Stealth
     4 | D        | Reached XP level 2. HP: 14/14 MP: 3/3
     5 | D        | Reached skill level 9 in Stealth
     5 | D        | Reached XP level 3. HP: 18/18 MP: 4/4
     7 | D        | Reached skill level 10 in Stealth
     7 | D        | Reached XP level 4. HP: 22/22 MP: 5/5
    16 | D        | Reached skill level 11 in Stealth
   202 | D        | Noticed Menkaure
   203 | D        | Noticed an ice statue
   203 | D        | Noticed a crocodile
   206 | D        | Found Becoh's Antique Weapon Shoppe.
   207 | D        | Killed Menkaure
   207 | D        | Reached skill level 13 in Stealth
   207 | D        | Reached XP level 5. HP: 25/25 MP: 6/6
   213 | D        | Killed a crocodile
   214 | D        | Found Wouw's Gadget Shoppe.
   214 | D        | Found Piephast's Book Emporium.
   264 | D        | Found Muoho's Jewellery Shoppe.
   264 | D        | Found Coditwau's Antique Weapon Emporium.
   264 | D        | Found Jisijim's Distillery.
   265 | D        | Found Xuliux's Antique Armour Shoppe.
   265 | D        | Found Qiniasm's Distillery.
   265 | D        | Found Ciriolunt's Book Emporium.
   265 | D        | Found Wulodgh's Magic Scroll Shoppe.
   267 | D        | Found Vavol's Jewellery Emporium.
   267 | D        | Found Qickeoz's Food Shoppe.
   267 | D        | Found Liaqoumi's Magic Scroll Emporium.
   268 | D        | Found Qoeq's Antique Armour Emporium.
   268 | D        | Found Delomaga's Antique Armour Shoppe.
   268 | D        | Noticed a yak
   270 | D        | Noticed a yak
   273 | D        | Noticed a soldier ant
   377 | D        | Found a glowing silver altar of Zin.
   377 | D        | Found a radiant altar of Vehumet.
   378 | D        | Found a glowing golden altar of the Shining One.
   378 | D        | Found a basalt altar of Yredelemnul.
   378 | D        | Found a hide-covered altar of Uskayaw.
   486 | D        | Noticed a necrophage
   486 | D        | Noticed a necrophage
   486 | D        | Noticed a necrophage
   486 | D        | Noticed a necrophage
   517 | D        | Killed a necrophage
   517 | D        | Reached skill level 14 in Stealth
   517 | D        | Reached XP level 6. HP: 29/29 MP: 7/7
   524 | D        | Reached skill level 15 in Stealth
   530 | D        | Reached skill level 16 in Stealth
   605 | D        | Reached XP level 7. HP: 32/32 MP: 8/8
   614 | D        | Noticed a hippogriff
   614 | D        | Noticed a hippogriff
   617 | D        | Killed a hippogriff
   617 | D        | Reached skill level 15 in Dodging
   617 | D        | Reached skill level 17 in Stealth
   634 | D        | Killed a hippogriff
   634 | D        | Reached skill level 18 in Stealth
   649 | D        | Noticed an oklob plant
   650 | D        | Found Gastreobe's Book Shoppe.
   651 | D        | Noticed a yak
   811 | D        | Noticed a slime creature
   811 | D        | Noticed a slime creature
   813 | D        | Noticed a slime creature
   839 | D        | Bought a runed cloak for 240 gold pieces
   860 | D        | Bought an embroidered robe for 92 gold pieces
   905 | D        | Noticed a tyrant leech
   905 | D        | Noticed a tyrant leech
  1181 | D        | Mangled by a tyrant leech

Levels and vault maps discovered:
D:        the_violet_keep_of_menkaure [sprint2_stairs_cluster_1,
          sprint2_shoproom, sprint2_temple, sprint2_basic_supplies,
          sprint2_obstacle_5, sprint2_obstacle_6, sprint2_obstacle_2,
          sprint2_obstacle_4, sprint2_obstacle_3, sprint2_timed_cluster_1,
          sprint2_smallroom_cluster_1, sprint2_smallroom_final_cluster_1,
          sprint2_transparent_cluster_1, sprint2_second_timed_cluster_1,
          sprint2_sniper_area_1, sprint2_heavy_combat_area_1,
          sprint2_mutation_trap_area_1, sprint2_forest_area_1,
          sprint2_light_combat_area_1, sprint2_behind_water_1,
          sprint2_near_end_vault_1]

Skill      XL: |  1  2  3  4  5  6  7 |
---------------+----------------------+-----
Dodging        | 5 7 8 11 12 14 16 | 16.2
Stealth        | 8 9 10 13 14 16 18 | 18.1
Fighting       | |  1.5
Short Blades   | |  2.1
Throwing       | |  2.0

Action                   |  1- 3 |  4- 6 |  7- 9 || total
-------------------------+-------+-------+-------++-------
Melee: Dagger            |     3 |    43 |    39 ||    85
Throw: Dart              |       |     3 |     7 ||    10
  Use: Potion            |       |     1 |       ||     1
 Stab: Sleeping          |     3 |     2 |     2 ||     7
Armor: Robe              |       |       |     1 ||     1
Dodge: Dodged            |     1 |    45 |    43 ||    89
